 Dungeon Crawl Stone Soup version 0.26-a0-1129-gc5df7fbe6a (webtiles) character file.

Game seed: 6131923256598351099

4 Dracia the Grasshopper (level 1, 0/16 HPs)
             Began as a Demonspawn Warper on Dec 18, 2020.
             Slain by a bat (1 damage)
             ... on level 1 of the Dungeon.
             The game lasted 00:00:19 (173 turns).

Dracia the Grasshopper (Demonspawn Warper)           Turns: 173, Time: 00:00:20

Health: 0/16       AC:  3    Str: 11    XL:     1   Next: 58%
Magic:  3/3        EV: 11    Int: 14    God:
Gold:   15         SH:  0    Dex: 12    Spells: 4/4 levels left

rFire    . . .     SeeInvis .   a - +0 short sword
rCold    . . .     Faith    .   (no shield)
rNeg     . . .     Spirit   .   b - +0 leather armour
rPois    .         Reflect  .   (no helmet)
rElec    .         Harm     .   (no cloak)
rCorr    .         Rampage  .   (no gloves)
Will     .....                  (no boots)
Stlth    +.........             (no amulet)
HPRegen  0.05/turn              (no ring)
MPRegen  0.08/turn              (no ring)

@: hasted, very quick
A: no striking features
a: no special abilities


You were on level 1 of the Dungeon.
You visited 1 branch of the dungeon, and saw 1 of its levels.

You collected 15 gold pieces.


   Skills:
 - Level 2.0 Fighting
 - Level 1.7 Short Blades
 - Level 0.8 Throwing
 - Level 0.8 Armour
 - Level 1.7 Dodging
 + Level 2.2 Spellcasting
 + Level 2.8 Translocations


You had 4 spell levels left.
You didn't know any spells.
Your spell library contained the following spells:

 Spells                   Type           Power        Failure   Level
 Blink                    Tloc           N/A          14%         2
 Gell's Gravitas          Tloc           4%           28%         3
 Lesser Beckoning         Tloc           4%           28%         3
 Teleport Other           Tloc           9%           28%         3
 Passage of Golubria      Tloc           N/A          67%         4

Inventory:

Hand Weapons
 a - a +0 short sword (weapon)
Missiles
 e - 5 boomerangs of dispersal (quivered) {=f=f}
Armour
 b - a +0 leather armour (worn)
Scrolls
 c - a scroll of enchant weapon {unknown}
 d - a scroll of blinking

Dungeon Overview and Level Annotations

Branches:
Dungeon (1/15)

Altars:

)#### #####.....
#### ........# #...
.........
#...##........
#....†.....#
#††.......#
#b#........
####@#....$...
#....#........
#.####........
#.[.##........
###.####......
#########......###.#
..#................
..........##♣≈≈≈♣##
##.......# ≈≈≈♣


You could see a bat.


Message History

The hobgoblin hits you with a +0 club.
You barely miss the hobgoblin. The hobgoblin hits you with a +0 club.
* * * LOW HITPOINT WARNING * * *
You are too injured to fight recklessly!
You barely miss the hobgoblin. The hobgoblin hits you with a +0 club.
* * * LOW HITPOINT WARNING * * *
You hit the hobgoblin.
The hobgoblin is lightly wounded.
The hobgoblin barely misses you.
Unknown command.
It was a potion of haste.
You feel yourself speed up. The hobgoblin hits you with a +0 club.
* * * LOW HITPOINT WARNING * * *
You closely miss the hobgoblin.
The hobgoblin is lightly wounded.
The hobgoblin barely misses you.
You hit the hobgoblin.
The hobgoblin is heavily wounded.
You hit the hobgoblin but do no damage.
The hobgoblin is heavily wounded.
The hobgoblin completely misses you.
You hit the hobgoblin.
The hobgoblin is almost dead.
You hit the hobgoblin.
You kill the hobgoblin!
The bat misses you.
You closely miss the bat. The bat closely misses you.
The bat barely misses you.
You hit the bat but do no damage. The bat hits you.
You die...

Action                   || total
-------------------------++-------
Melee: Short sword       ||    18
  Use: Potion            ||     1
Armor: Leather armour    ||     3
Dodge: Dodged            ||    13

Levels and vault maps discovered:
D:1:      sevenhm_arrival_forest_fort_small_4, layout_rooms

Notes
Turn   | Place    | Note
-------+----------+-------------------------------------------
     0 | D:1      | Dracia the Demonspawn Warper began the quest for the Orb.
     0 | D:1      | Reached XP level 1. HP: 16/16 MP: 3/3
   166 | D:1      | HP: 1/16 [hobgoblin/+0 club (1)]
   173 | D:1      | Slain by a bat

Vanquished Creatures
  2 hobgoblins (D:1)
  A bat (D:1)
  2 rats (D:1)
5 creatures vanquished.

Table legend: (Time is in decaauts)
 A = Elapsed time spent in this place.
 B = Non-inter-level travel time spent in this place.
 C = Inter-level travel time spent in this place.
 D = Time resting spent in this place.
 E = Time spent auto-exploring this place.
 F = Levels seen in this place.
 G = Mean time per level.
                   A        B        C        D        E       F      G
               +--------+--------+--------+--------+--------+-----+--------+
         Total |    174 |    174 |      0 |      0 |    139 |   1 |  174.0 |
       Dungeon |    174 |    174 |      0 |      0 |    139 |   1 |  174.0 |
               +--------+--------+--------+--------+--------+-----+--------+

Top non-repeatable levels by time:
     D:1: 174 daAuts

Table legend:
 A = Non-vault XP
 B = Vault XP
 C = Vault XP percentage of total XP
 D = Non-vault monster count
 E = Vault monster count
 F = Vault count percentage of total count
                 A         B        C        D         E       F
            +---------+---------+-------+---------+---------+-------
      Total |       7 |       0 |   0.0 |       5 |       0 |   0.0
            +---------+---------+-------+---------+---------+-------
        D:1 |       7 |       0 |   0.0 |       5 |       0 |   0.0
            +---------+---------+-------+---------+---------+-------
